 Dungeon Crawl Stone Soup version 0.30-a0-223-gcb0039aa0c (webtiles) character file.

Game seed: 16890167577306727834

149 qw the Chopper (level 5, 0/32 HPs)
             Began as a Gargoyle Fighter on Oct 9, 2022.
             Constricted to death by Natasha (5 damage)
             ... on level 2 of the Dungeon.
             The game lasted 00:00:40 (1637 turns).

qw the Chopper (Gargoyle Fighter)                   Turns: 1637, Time: 00:00:40

Health: 0/32       AC: 10    Str: 22    XL:     5   Next: 31%
Magic:  5/5        EV:  6    Int:  8    God:
Gold:   39         SH:  4    Dex:  9    Spells: 4/4 levels left

rFire   . . .      SeeInvis .    Y - +0 war axe
rCold   . . .      Faith    .    c - +0 buckler
rNeg    + . .      Spirit   .    b - +0 scale mail
rPois   inf        Reflect  .    (no helmet)
rElec   +          Harm     .    (no cloak)
rCorr   .          Rampage  .    (no gloves)
Will    .....                    (no boots)
Stlth   ..........               (no amulet)
HPRegen 0.25/turn                (no ring)
MPRegen 0.09/turn                (no ring)

@: grasped by roots, constricted
A: sickness immunity, AC +4, negative energy resistance 1, electricity
resistance, torment resistance 1, petrification resistance
a: no special abilities


You were on level 2 of the Dungeon.
You visited 1 branch of the dungeon, and saw 2 of its levels.

You collected 39 gold pieces.


Innate Abilities, Weirdness & Mutations

You are immune to sickness and miasma.
Your stone body is resilient. (AC +4)
You are immune to poison.
You resist negative energy. (rN+)
You are resistant to electric shocks. (rElec)
You are resistant to unholy torment.
You are immune to petrification.


   Skills:
 - Level 3.2 Fighting
 + Level 4.9 Axes
 - Level 3.2 Armour
 - Level 3.2 Shields


You had 4 spell levels left.
You didn't know any spells.
Your spell library was empty.

Inventory:

Hand Weapons
 f - a +0 flail
 Y - a +0 war axe (weapon)
Armour
 b - a +0 scale mail (worn)
 c - a +0 buckler (worn)
 e - the +1 robe of Kioczoak {Regen+ Slay+6}
   (You found it on level 2 of the Dungeon)

   Slay:      It affects your accuracy & damage with ranged weapons and melee
   (+6).
   Regen:     It increases your rate of health regeneration.
 m - a +0 plate armour
Jewellery
 i - a +4 ring of evasion
Scrolls
 h - a scroll of vulnerability {unknown}
 j - a scroll of fog {unknown}
 k - a scroll of magic mapping {unknown}
 l - a scroll of brand weapon {unknown}
Potions
 d - a potion of might
 g - a potion of lignification {unknown}

Dungeon Overview and Level Annotations

Branches:
Dungeon (2/15)

Altars:
Cheibriados

Annotations:
D:2 Natasha


Message History

The crimson imp closely misses you. Natasha claws you.
You barely miss Natasha.
Natasha is severely wounded.
You hit the crimson imp.
The crimson imp hits you but does no damage.
Natasha zaps a wand.
The roots erupt in riotous growth!
The grasping roots grab you!
Natasha is unaffected.
The crimson imp is unaffected.
The grasping roots constrict you. You block the crimson imp's attack.
Natasha wildly gestures.
You feel disoriented.
Natasha stares at you and mumbles some strange words.
The magic dart hits you. The grasping roots constrict you.
1615 ||| READING scroll of teleportation.
As you read the scroll of teleportation, it crumbles to dust.
You feel strangely unstable.
The crimson imp hits you but does no damage.
Natasha stares at you and mumbles some strange words.
You resist with some effort. The grasping roots constrict you.
You slash Natasha!
You kill Natasha!
Suddenly Natasha's spirit rises from her lifeless body.
The crimson imp disappears in a puff of smoke!
Your surroundings suddenly seem different.
You start resting.
You feel yourself speed up.
Natasha, Servant of Life and Death comes into view.
She is carrying a wand of roots (7).
1630 ||| FLEEEEING.
1631 ||| FLEEEEING.
Natasha barely misses you.
You closely miss Natasha.
Natasha zaps a wand.
The roots erupt in riotous growth!
The grasping roots grab you!
Natasha is unaffected.
The grasping roots constrict you.
You barely miss Natasha.
Natasha stares at you and mumbles some strange words.
You resist with some effort. The grasping roots constrict you.
You barely miss Natasha. Natasha claws you but does no damage.
The grasping roots constrict you.
You die...

#....#.....#.......
#....#.....######..
#....#.....# #.. #
#....#.....# #.. #.
#....####### #..
#.#+#..........# ###
#.......######[#
#.........# #.#
#.....@.#.# #.#
#.....h##.# #.#
#.........# #.########
#.#####''#####%........
#.##........##..#######
###..........##.# ##
#.....##.....### #.
#......##......## ####.
#.......##.......###..'.


You could see Natasha.

Vanquished Creatures
  Natasha (twice) (D:2)
  An adder (D:2)
  4 gnolls
  A worm (D:2)
  A dart slug (D:1)
  5 ball pythons (D:1)
  2 bats
  2 endoplasms (D:1)
  A giant cockroach (D:1)
  9 goblins
  2 hobgoblins (D:1)
  7 jackals
  A quokka (D:1)
  4 frilled lizards
  2 kobolds
  2 rats
46 creatures vanquished.

Notes
Turn   | Place    | Note
-------+----------+-------------------------------------------
     0 | D:1      | qw the Gargoyle Fighter began the quest for the Orb.
     0 | D:1      | Reached XP level 1. HP: 14/14 MP: 1/1
     0 | D:1      | 0 ||| qw: Version: 0.2-a-17-g06abaee
     0 | D:1      | 0 ||| qw: Game counter: 2176
     0 | D:1      | 0 ||| qw: Always use a shield: true
     0 | D:1      | 0 ||| qw: God list: Okawaru
     0 | D:1      | 0 ||| qw: Allow faded altars: false
     0 | D:1      | 0 ||| qw: Do Orc after D:15 true
     0 | D:1      | 0 ||| qw: Do second Lair branch before Depths: true
     0 | D:1      | 0 ||| qw: Lair rune preference: random
     0 | D:1      | 0 ||| qw: Plans: Normal, Zot:1-4, God:TSO, Crypt, Tomb,
                  | Pan, Slime:5, Hells, Abyss, Orb
     0 | D:1      | 0 ||| PLANNING D:1-11
    86 | D:1      | Reached skill level 2 in Axes
   128 | D:1      | 128 ||| Stepping ~*~*~tactically~*~*~ (stealth).
   131 | D:1      | Reached XP level 2. HP: 19/19 MP: 2/2
   459 | D:1      | Reached skill level 3 in Axes
   512 | D:1      | Reached XP level 3. HP: 23/23 MP: 3/3
   843 | D:1      | 843 ||| READING 2 scrolls labelled DIDDYABUXTI.
   847 | D:1      | 847 ||| READING scroll labelled KODGHUCWUVOAB.
   864 | D:2      | 864 ||| STAIRDANCE
   869 | D:2      | 869 ||| STAIRDANCE
   880 | D:1      | Reached XP level 4. HP: 17/28 MP: 4/4
   924 | D:1      | 924 ||| DROPPING +0 club.
   929 | D:2      | Reached skill level 4 in Axes
   929 | D:2      | 929 ||| STAIRDANCE
   942 | D:2      | 942 ||| DROPPING +0 whip.
   963 | D:2      | Identified the +1 robe of Kioczoak {Regen+ Slay+6}
  1021 | D:2      | 1021 ||| Stepping ~*~*~tactically~*~*~ (stealth).
  1022 | D:2      | 1022 ||| Stepping ~*~*~tactically~*~*~ (stealth).
  1103 | D:2      | Noticed Natasha
  1109 | D:2      | Killed Natasha
  1195 | D:2      | Found a faded altar of an unknown god.
  1276 | D:2      | Found a snail-covered altar of Cheibriados.
  1350 | D:2      | Reached XP level 5. HP: 32/32 MP: 5/5
  1515 | D:2      | Noticed Natasha
  1516 | D:2      | 1516 ||| Stepping ~*~*~tactically~*~*~ (stealth).
  1601 | D:2      | 1601 ||| Stepping ~*~*~tactically~*~*~ (hiding).
  1602 | D:2      | 1602 ||| Stepping ~*~*~tactically~*~*~ (hiding).
  1614 | D:2      | HP: 5/32 [constriction (4)]
  1615 | D:2      | 1615 ||| READING scroll of teleportation.
  1615 | D:2      | HP: 2/32 [constriction (4)]
  1616 | D:2      | Killed Natasha
  1629 | D:2      | Noticed Natasha
  1630 | D:2      | 1630 ||| FLEEEEING.
  1631 | D:2      | 1631 ||| FLEEEEING.
  1635 | D:2      | HP: 4/32 [constriction (4)]
  1637 | D:2      | Constricted to death by Natasha

Levels and vault maps discovered:
D:1:      eino_arrival_tree_alley, layout_loops_ring, nrook_campfire,
          grunt_decor_arrowhead, chequers_serial_rivers_small_3,
          chequers_decorated_corner
D:2:      layout_basic, basic_altar, shapermc_ecumenical_altar_totnotflames,
          kennysheep_cross_room, uniq_natasha

Skill      XL: |  1  2  3  4 |
---------------+-------------+-----
Axes           | 2 3 4 |  4.9
Fighting       | |  3.2
Armour         | |  3.2
Shields        | |  3.2

Action                   |  1- 3 |  4- 6 || total
-------------------------+-------+-------++-------
Melee: War axe           |    72 |    58 ||   130
  Use: Scroll            |     2 |     1 ||     3
Armor: Scale mail        |    36 |    36 ||    72
Dodge: Dodged            |    24 |    17 ||    41
Block: Buckler           |    14 |    11 ||    25

Table legend:
 A = Non-vault XP
 B = Vault XP
 C = Vault XP percentage of total XP
 D = Non-vault monster count
 E = Vault monster count
 F = Vault count percentage of total count
                 A         B        C        D         E       F
            +---------+---------+-------+---------+---------+-------
      Total |     179 |      35 |  16.4 |      45 |       1 |   2.2
            +---------+---------+-------+---------+---------+-------
        D:1 |      91 |       0 |   0.0 |      30 |       0 |   0.0
        D:2 |      88 |      35 |  28.5 |      15 |       1 |   6.2
            +---------+---------+-------+---------+---------+-------
